 Dungeon Sprint DCSS version 0.16-b1 (webtiles) character file.

199812 Medar the Axe Maniac (level 18, 0/199 (200) HPs)
             Began as a Hill Orc Gladiator on Mar 10, 2015.
             Was a High Priest of the Shining One (penitent).
             Slain by an Ice Fiend (7 damage)
             ... summoned by Cerebov
             ... while paralysed by a giant eyeball
             ... in the Dungeon (Sprint V: "Ziggurat Sprint").
             The game lasted 00:52:44 (4867 turns).

Medar the Axe Maniac (Hill Orc Gladiator)           Turns: 4867, Time: 00:52:44

HP:   0/199 (200)   AC: 51    Str: 37    XL:     18   Next: 93%
MP:   0/36          EV:  2    Int:  8    God:    the Shining One [*]
Gold: 0             SH:  0    Dex: 19    Spells: 6 memorised, 1 level left

rFire  + + .     SeeInvis .     a - +9 executioner's axe (freeze)
rCold  + + +     Clarity  .     t - +8 gold dragon armour
rNeg   + + .     SustAb   .     (no shield)
rPois  +         Gourm    .     c - +2 helmet "Kusuzag" {+Fly rF+ Str-3}
rElec  +         Spirit   +     G - +2 cloak {rPois}
rCorr  +         Warding  .     x - +0 pair of gloves {archery}
rMut   .         NoTele   +     S - +2 pair of boots of Surprise {Slay+5}
MR     +....                    l - amulet of guardian spirit
Stlth  ..........               W - +6 ring of strength
                                R - ring of Leaves {rElec rC+ Str+4}

@: confused, paralysed, mighty, agile, lethally poisoned (0 -> -2), resistant,
fire vulnerable, very slightly contaminated, slowed, drained, somewhat resistant
to hostile enchantments, extremely unstealthy
A: thin metallic scales 1, agile 1, deterioration 1, low mp 1, poison
resistance, evolution 1, placid magic 1
a: Renounce Religion, Evoke Flight


You were in the Dungeon.
You worshipped the Shining One.
The Shining One was demanding penance.
You were very full.

You visited 1 branch

Inventory:

Hand weapons
 a - a +9 executioner's axe of freezing (weapon)
Armour
 c - the +2 helmet "Kusuzag" (worn) {+Fly rF+ Str-3}
   (You found it in the Dungeon)

   It affects your strength (-3).
   It protects you from fire.
   It lets you fly.
 t - a +8 gold dragon armour (worn)
 x - a +0 pair of gloves of archery (worn)
 G - a +2 cloak of poison resistance (worn)
 S - the +2 pair of boots of Surprise (worn) {Slay+5}
   (You found it in the Dungeon)

   It affects your accuracy and damage with ranged weapons and melee attacks
   (+5).
 Z - the +15 Maxwell's patent armour {-Cast -Tele rElec MR+ rCorr}
   (You found it in the Dungeon)

   It insulates you from electricity.
   It affects your resistance to hostile enchantments.
   It prevents spellcasting.
   It prevents most forms of teleportation.
   It protects you from acid and corrosion.
Rods
 s - a +6 lightning rod (13/13)
   (You took it off a naga in the Dungeon)
 I - a +2 iron rod (12/12)
   (You found it in the Dungeon)
Jewellery
 d - the ring "Psajaon" {rF+ MR+}
   (You found it in the Dungeon)

   [ring of protection from fire]

   It protects you from fire.
   It affects your resistance to hostile enchantments.
 l - an amulet of guardian spirit (around neck)
 r - an uncursed amulet of clarity
 R - the ring of Leaves (left hand) {rElec rC+ Str+4}
   (You found it in the Dungeon)

   [ring of protection from cold]

   It affects your strength (+4).
   It protects you from cold.
   It insulates you from electricity.
 V - a +6 ring of intelligence
 W - a +6 ring of strength (right hand)
Magical devices
 f - a wand of heal wounds (0)
 o - a wand of heal wounds (0)
 D - a wand of heal wounds (0)
 O - a wand of disintegration (7)
 P - a wand of fire (1)
 Q - a wand of cold (4)
 T - a wand of hasting (3)
Scrolls
 k - 4 scrolls of blinking
 u - 10 scrolls of brand weapon
 y - 4 scrolls of amnesia
 A - 2 scrolls of recharging
 H - 7 scrolls of fog
 J - 4 scrolls of identify {@r2}
 K - 4 scrolls of remove curse {@r1}
 L - 2 scrolls of fear
Potions
 h - 2 potions of haste
 i - 5 potions of magic
 j - 3 potions of berserk rage {!q}
 z - 2 potions of brilliance
 B - 3 potions of restore abilities
 C - 3 potions of resistance
 E - 4 potions of agility
 F - 7 potions of might
Books
 b - a book of Annihilations This book is beyond your current level of understanding.

   Spells                             Type                      Level
   a - Poison Arrow                   Conjuration/Poison           6
   b - Chain Lightning                Conjuration/Air              8
   c - Lehudib's Crystal Spear        Conjuration/Earth            8
   d - Glaciate                       Conjuration/Ice              9
   e - Fire Storm                     Conjuration/Fire             9
 p - a book of the Warp

   Spells                             Type                      Level
   a - Recall                         Summoning/Translocation      3
   b - Control Teleport               Charms/Translocation         4
   c - Force Lance                    Conjuration/Translocation    4
   d - Phase Shift                    Translocation                5
   e - Warp Weapon                    Charms/Translocation         5
   f - Gell's Gravitas                Hexes/Translocation          5
   g - Summon Forest                  Summoning/Translocation      5
 q - a book of the Tempests

   Spells                             Type                      Level
   a - Static Discharge               Conjuration/Air              3
   b - Lightning Bolt                 Conjuration/Air              5
   c - Fireball                       Conjuration/Fire             5
   d - Tornado                        Air                          9
   e - Shatter                        Earth                        9
Miscellaneous
 m - 7 phantom mirrors
 n - a disc of storms
 v - a phial of floods
 w - a fan of gales
 X - a stone of tremors
 Y - a lamp of fire
Comestibles
 M - 42 fruits
 N - 4 bread rations
 U - 3 royal jellies


   Skills:
 O Level 27(26.9) Fighting
 O Level 27(26.9) Axes
 - Level 2.0(1.9) Throwing
 O Level 27(26.9) Armour
 + Level 23.4 Dodging
 O Level 27(26.9) Invocations
 + Level 26.1(26.0) Evocations


You had one spell level left.
You knew the following spells:

 Your Spells              Type           Power        Failure   Level  Hunger
d - Spectral Weapon       Hex/Chrm       #.......     100%        3    ####...
p - Apportation           Tloc           #.........   96%         1    ##.....
r - Recall                Summ/Tloc      N/A          100%        3    ####...
s - Song of Slaying       Chrm           #.......     99%         2    ###....
t - Phase Shift           Tloc           #.........   100%        5    ######.
w - Blink                 Tloc           N/A          99%         2    ###....


Dungeon Overview and Level Annotations

Branches:
Dungeon (1/1)

Altars:
Ashenzari
Cheibriados
Dithmenos
Elyvilon
Fedhas
Gozag
Kikubaaqudgha
Makhleb
Nemelex Xobeh
Okawaru
Qazlal
Ru
Sif Muna
Trog
Vehumet
Xom
Yredelemnul
Zin
The Shining One
Beogh
Jiyva
Lugonu

Annotations:
D Asmodeus, Boris, Cerebov, Dissolution, Ereshkigal


Innate Abilities, Weirdness & Mutations

You are partially covered in thin metallic scales (AC +2).
You are agile. (Dex +2)
Your body is slowly deteriorating.
Your magical capacity is low (-10% MP).
Your system is resistant to poisons.
You evolve.
Your spells are a little easier to cast, but a little less powerful.


Message History

The cacodemon hits you but does no damage.
The giant eyeball gazes at you.
You suddenly lose the ability to move!
Cerebov gestures.
Something hits you but does no damage.
Something touches you but does no damage.
The efreet hits you but does no damage.
You are engulfed in roaring flames.
You resist.
The golden eye turns its gaze towards you.
The great orb of eyes dissolves into a puddle of slime!
The hellion hits you but does no damage.
Dissolution is engulfed in roaring flames.
Dissolution hits you but does no damage. x2
Ereshkigal hits you but does no damage.
Cerebov zaps a wand.
You resist with almost no effort.
The Ice Fiend claws you but does no damage.
The Ice Fiend claws you.
* * * LOW HITPOINT WARNING * * *
The Ice Fiend freezes you! You resist.
You die...

........▓ ...
........ .........
....... .
.....≈.... ......
.....≈.≈.≈....
......
....▓..≈≈≈≈...▓.
...▓..
...▓.▓GG.≈...▓.▓.
......
....▓.2G&§....▓..
......
▓.....G&J{R2......
.......
▓....1.2@&2........
.......
▓......1R2§........
▓▓▓▓▓▓▓
▓▓▓▓▓▓▓▓▓▓▓▓▓▓▓▓▓▓▓


You could see Cerebov, Asmodeus, Ereshkigal, Dissolution, an Ice Fiend, a Shadow
Fiend, a cacodemon, a hell beast, a green death, an eye of draining, 2 hellions,
2 efreet, a giant eyeball and 2 golden eyes.

Vanquished Creatures
  Gloorx Vloq (D)
  Ignacio (D)
  the iron giant (D)
  Norris (D)
  3 pandemonium lords (D)
  Saint Roka (D)
  Xtahua (D)
  Frederick (D)
  An electric golem (D)
  Nikola (D)
  6 liches (D)
  A Hell Sentinel (D)
  An Orb Guardian (D)
  3 deep elf blademasters (D)
  6 deep elf master archers (D)
  3 quicksilver dragons (D)
  Murray (D)
  A sphinx (D)
  3 shadow dragons (D)
  Frances (D)
  A daeva (D)
  A greater naga (D)
  5 deep elf sorcerers (D)
  Maud (D)
  2 cacodemons (D)
  An emperor scorpion (D)
  3 iron dragons (D)
  Louise (D)
  2 balrugs (D)
  4 orc warlords (D)
  Gastronok (D)
  2 ghouls (D)
  2 reapers (D)
  10 stone giants (D)
  2 vampire knights (D)
  A grey draconian (D)
  5 green draconians (D)
  A black draconian (D)
  4 deep elf annihilators (D)
  4 purple draconians (D)
  A pale draconian (D)
  3 yellow draconians (D)
  A white draconian (D)
  2 red draconians (D)
  A green death (D)
  17 vault guards (D)
  4 crystal guardians (D)
  2 fire dragons (D)
  5 deep elf high priests (D)
  A jiangshi (D)
  2 yaktaur captains (D)
  Harold (D)
  2 ice dragons (D)
  7 hydras (D)
  4 naga warriors (D)
  A vampire mage (D)
  A death yak (D)
  2 orc high priests (D)
  2 sun demons (D)
  3 hell hogs (D)
  4 deep elf knights (D)
  5 iron golems (D)
  A hell beast (D)
  5 deep elf summoners (D)
  A death drake (D)
  A flayed ghost (D)
  A swamp dragon (D)
  6 harpies (D)
  Pikel (D)
  A spriggan druid (D)
  5 deep elf conjurers (D)
  2 shining eyes (D)
  2 wolf spiders (D)
  A griffon (D)
  2 orc sorcerers (D)
  4 moths of wrath (D)
  A phantasmal warrior (D)
  A rust devil (D)
  A naga mage (D)
  A guardian serpent (D)
  6 black mambas (D)
  A spiny frog (D)
  A smoke demon (D)
  2 hellions (D)
  A hellwing (D)
  2 yaktaurs (D)
  2 tormentors (D)
  2 fire drakes (D)
  5 demonic crawlers (D)
  An efreet (D)
  2 blue devils (D)
  A red devil (D)
  2 trolls (D)
  A two-headed ogre (D)
  5 jumping spiders (D)
  A trapdoor spider (D)
  4 slime creatures (D)
  A basilisk (D)
  6 redbacks (D)
  A flying skull (D)
  4 vampires (D)
  2 yaks (D)
  2 deep elf magi (D)
  A ynoxinul (D)
  5 spriggans (D)
  2 shadows (D)
  4 wraiths (D)
  3 tarantellas (D)
  A wyvern (D)
  2 steam dragons (D)
  2 small abominations (D)
  A chaos spawn (D)
  2 deep elf fighters (D)
  A neqoxec (D)
  2 mottled dragons (D)
  4 wolves (D)
  A warg (D)
  A golden eye (D)
  A hell hound (D)
  5 nagas (D)
  11 water moccasins (D)
  2 porcupines (D)
  2 necrophages (D)
  3 black bears (D)
  5 ogres (D)
  An orc warrior (D)
  2 spiders (D)
  A phantom (D)
  5 wasps (D)
  A crocodile (shapeshifter) (D)
  3 crocodiles (D)
  3 giant frogs (D)
  9 earth elementals (D)
  2 scorpions (D)
  2 quasits (D)
  3 wights (D)
  3 jellies (D)
  An orc wizard (D)
  2 iguanas (D)
  9 hell rats (D)
  2 sheep (D)
  4 adders (D)
  3 giant mites (D)
  A river rat (D)
  2 giant eyeballs (D)
  7 ufetubi (D)
  8 adder skeletons (D)
  2 adder zombies (D)
  3 oozes (D)
  11 orcs (D)
  3 ball pythons (D)
  7 bat skeletons (D)
  7 bat zombies (D)
  A hobgoblin (D)
  A jackal (D)
  4 quokkas (D)
  2 giant cockroach zombies (D)
  2 giant gecko skeletons (D)
  2 goblins (D)
  A jackal zombie (D)
  A quokka skeleton (D)
  A rat (D)
  A spectral quokka (D)
  6 crawling corpses (D)
  4 fungi (D)
448 creatures vanquished.

Vanquished Creatures (collateral kills)
  A lich (D)
  An Orb Guardian (D)
  A deep elf blademaster (D)
  2 deep elf master archers (D)
  An azure jelly (D)
  Wiglaf (D)
  A ghoul (D)
  2 stone giants (D)
  A death ooze (D)
  A vault guard (D)
  Josephine (D)
  A hydra (D)
  Urug (D)
  2 slime creatures (D)
  Nergalle (D)
  A skeletal warrior (D)
  A shining eye (D)
  A hellion (D)
  A demonic crawler (D)
  A shadow (D)
  An orc warrior (D)
  A jelly (D)
  A hell rat (D)
  An ufetubus (D)
  A giant gecko (D)
  3 orcs (D)
  A giant gecko simulacrum (D)
  7 spectral orcs (D)
39 creatures vanquished.

Vanquished Creatures (others)
  the Lernaean hydra (D)
  2 deep elf blademasters (D)
  Agnes (D)
  4 daevas (D)
  Ilsuiw (D)
  Donald (D)
  Aizul (D)
  7 angels (D)
  Azrael (D)
  Snorg (D)
  Erica (D)
  2 water elementals (D)
  5 air elementals (D)
  A shadow wraith (D)
  Erolcha (D)
  A fire elemental (D)
  Psyche (D)
  Sonja (D)
  Grinder (D)
  Prince Ribbit (D)
  A spectral orc (D)
  A vampire (D)
  A golden eye (D)
  Grum (D)
  Edmund (D)
  Menkaure (D)
  Sigmund (D)
  Duvessa (D)
  2 wights (D)
  Dowan (D)
  A hell rat (D)
  Ijyb (D)
  Jessica (D)
  Terence (D)
  A mummy (D)
  A spectral adder (D)
  An adder zombie (D)
  An adder skeleton (D)
  A ball python skeleton (D)
  A giant gecko zombie (D)
  A quokka skeleton (D)
57 creatures vanquished.

Grand Total: 544 creatures vanquished

Notes
Turn   | Place    | Note
--------------------------------------------------------------
     0 | D        | Medar, the Hill Orc Gladiator, began the quest for the Orb.
     0 | D        | Reached XP level 1. HP: 18/18 MP: 1/1
     0 | D        | Found a corrupted altar of Lugonu.
     0 | D        | Found a basalt altar of Yredelemnul.
     0 | D        | Found an iron altar of Okawaru.
     0 | D        | Found a burning altar of Makhleb.
     0 | D        | Found a radiant altar of Vehumet.
     1 | D        | Found a shimmering altar of Xom.
     2 | D        | Killed Ijyb
     7 | D        | Killed Terence
     8 | D        | Killed Duvessa
    11 | D        | Killed Prince Ribbit
    14 | D        | Found a viscous altar of Jiyva.
    14 | D        | Found a white marble altar of Elyvilon.
    14 | D        | Killed Erica
    15 | D        | Killed Dowan
    16 | D        | Found a sparkling altar of Nemelex Xobeh.
    16 | D        | Found a deep blue altar of Sif Muna.
    20 | D        | Found a bloodstained altar of Trog.
   109 | D        | Became a worshipper of the Shining One
   117 | D        | Entered arena 1.
   117 | D        | Noticed a jelly
   118 | D        | Killed Menkaure
   122 | D        | Killed Jessica
   123 | D        | Reached skill level 5 in Axes
   124 | D        | Killed a jelly
   124 | D        | Reached skill level 9 in Axes
   124 | D        | Reached XP level 2. HP: 25/25 MP: 2/2
   124 | D        | Reached XP level 3. HP: 30/30 MP: 3/3
   130 | D        | Entered arena 2.
   130 | D        | Noticed a hell hound
   130 | D        | Acquired the Shining One's first power
   130 | D        | Noticed a quasit
   130 | D        | Acquired the Shining One's second power
   131 | D        | Killed Sonja
   138 | D        | HP: 1/30 [hell hound (3)]
   141 | D        | Killed a quasit
   141 | D        | Reached skill level 11 in Axes
   141 | D        | Reached XP level 4. HP: 30/37 MP: 4/4
   148 | D        | Killed a hell hound
   148 | D        | Reached skill level 14 in Axes
   148 | D        | Reached XP level 5. HP: 19/42 MP: 5/5
   149 | D        | Reached skill level 15 in Axes
   149 | D        | Reached skill level 5 in Armour
   149 | D        | Reached XP level 6. HP: 21/60 MP: 6/6
   193 | D        | Killed Erolcha
   246 | D        | Got the ring of Leaves {rElec rC+ Str+4}
   254 | D        | Killed Sigmund
   260 | D        | Killed Edmund
   318 | D        | Killed Grinder
   341 | D        | Entered arena 3.
   341 | D        | Noticed an ogre
   341 | D        | Noticed a two-headed ogre
   341 | D        | Noticed a troll
   341 | D        | Noticed an ogre
   346 | D        | Killed an ogre
   346 | D        | Reached skill level 16 in Axes
   346 | D        | Reached XP level 7. HP: 56/66 MP: 7/7
   346 | D        | Killed an ogre
   349 | D        | Killed a two-headed ogre
   349 | D        | Reached skill level 18 in Axes
   351 | D        | Killed a troll
   351 | D        | Reached XP level 8. HP: 61/73 MP: 8/8
   391 | D        | Killed Ilsuiw
   425 | D        | Entered arena 4.
   425 | D        | Noticed a black bear
   425 | D        | Noticed a wolf
   425 | D        | Noticed a black bear
   425 | D        | Acquired the Shining One's third power
   425 | D        | Noticed a black bear
   427 | D        | Killed a wolf
   427 | D        | Reached skill level 19 in Axes
   428 | D        | Killed a black bear
   430 | D        | Killed a black bear
   430 | D        | Reached skill level 20 in Axes
   430 | D        | Killed a black bear
   446 | D        | Entered arena 5.
   446 | D        | Noticed a scorpion
   446 | D        | Noticed a scorpion
   449 | D        | Killed a scorpion
   450 | D        | Killed a scorpion
   460 | D        | Killed Grum
   472 | D        | Entered arena 6.
   472 | D        | Noticed a slime creature
   472 | D        | Acquired the Shining One's fourth power
   472 | D        | Noticed a slime creature
   472 | D        | Noticed a golden eye
   481 | D        | Paralysed by a giant eyeball for 4 turns
   487 | D        | Killed a slime creature
   487 | D        | Reached skill level 21 in Axes
   487 | D        | Paralysed by a giant eyeball for 4 turns
   516 | D        | Killed a slime creature
   516 | D        | Reached XP level 9. HP: 42/79 MP: 9/9
   519 | D        | Killed a golden eye
   675 | D        | Got the ring of Sunlight {rC+ Dex+2}
   685 | D        | Entered arena 7.
   685 | D        | Noticed a giant frog
   685 | D        | Noticed a yak
   685 | D        | Noticed a spiny frog
   688 | D        | Killed a giant frog
   689 | D        | Reached skill level 22 in Axes
   690 | D        | Killed a spiny frog
   692 | D        | Killed a yak
   692 | D        | Reached skill level 23 in Axes
   702 | D        | Got the cursed ring of Bliujel {rPois rC+ Str+2 Int-2 Dex+3}
   710 | D        | Entered arena 8.
   710 | D        | Noticed an iguana
   710 | D        | Noticed a giant frog
   710 | D        | Noticed a yak
   710 | D        | Noticed a basilisk
   710 | D        | Noticed a water moccasin
   710 | D        | Noticed an iguana
   714 | D        | Killed a water moccasin
   714 | D        | Killed an iguana
   715 | D        | Killed an iguana
   715 | D        | Killed a giant frog
   717 | D        | Killed a basilisk
   718 | D        | Killed a yak
   721 | D        | Killed Snorg
   741 | D        | Entered arena 9.
   741 | D        | Noticed a spriggan
   741 | D        | Noticed a spriggan
   741 | D        | Noticed a spriggan
   741 | D        | Noticed a wolf
   741 | D        | Noticed a wolf
   741 | D        | Noticed a spriggan druid
   741 | D        | Noticed a spriggan
   741 | D        | Noticed a spriggan rider
   743 | D        | Killed a wolf
   743 | D        | Killed a wolf
   743 | D        | Reached skill level 24 in Axes
   745 | D        | Killed a spriggan
   745 | D        | Reached XP level 10. HP: 75/86 MP: 10/10
   747 | D        | Killed a spriggan druid
   747 | D        | Killed a spriggan
   747 | D        | Killed a spriggan
   749 | D        | Killed a spriggan
   750 | D        | HP: 1/90 [spriggan rider/spear (14)]
   759 | D        | Killed a spriggan rider
   759 | D        | Killed a wasp
  1000 | D        | Entered arena 10.
  1000 | D        | Noticed a water moccasin
  1000 | D        | Noticed a water moccasin
  1000 | D        | Noticed a black mamba
  1000 | D        | Noticed a water moccasin
  1000 | D        | Noticed a naga
  1000 | D        | Noticed a naga mage
  1000 | D        | Noticed a water moccasin
  1005 | D        | Killed a water moccasin
  1007 | D        | Killed a naga mage
  1007 | D        | Reached skill level 10 in Fighting
  1007 | D        | Reached skill level 25 in Axes
  1007 | D        | Killed a water moccasin
  1007 | D        | Killed a water moccasin
  1009 | D        | Killed a water moccasin
  1010 | D        | Killed a black mamba
  1013 | D        | Killed a naga
  1028 | D        | Identified a +0 pair of boots of running (You found it in the Dungeon)
  1038 | D        | Got the ring "Psajaon" {rF+ MR+}
  1072 | D        | Entered arena 11.
  1072 | D        | Noticed Obocsog the pandemonium lord
  1072 | D        | Noticed a cacodemon
  1072 | D        | Noticed a red devil
  1072 | D        | Noticed Brua the pandemonium lord
  1072 | D        | Noticed Wurus the pandemonium lord
  1072 | D        | Noticed a smoke demon
  1072 | D        | Noticed a hellwing
  1072 | D        | Noticed a blue devil
  1073 | D        | Noticed a cacodemon
  1073 | D        | Noticed a sun demon
  1074 | D        | Noticed a sphinx
  1075 | D        | Noticed a harpy
  1075 | D        | Noticed a harpy
  1075 | D        | Noticed a harpy
  1078 | D        | Killed a harpy
  1080 | D        | Noticed a cacodemon
  1081 | D        | Killed a harpy
  1082 | D        | Noticed a sphinx
  1084 | D        | Killed a harpy
  1086 | D        | Killed Brua the pandemonium lord
  1086 | D        | Reached skill level 26 in Axes
  1086 | D        | Reached XP level 11. HP: 94/105 MP: 6/24
  1086 | D        | Killed a sphinx
  1087 | D        | Killed a blue devil
  1087 | D        | Reached skill level 10 in Invocations
  1088 | D        | Killed a cacodemon
  1089 | D        | Killed Psyche
  1090 | D        | Noticed a harpy
  1090 | D        | Noticed a harpy
  1090 | D        | Killed a smoke demon
  1090 | D        | Killed a sun demon
  1091 | D        | Noticed a harpy
  1091 | D        | Noticed a harpy
  1091 | D        | Noticed a harpy
  1091 | D        | Killed a hellwing
  1092 | D        | Killed Obocsog the pandemonium lord
  1092 | D        | Reached skill level 27 in Axes
  1092 | D        | Reached XP level 12. HP: 93/116 MP: 11/28
  1094 | D        | Killed a harpy
  1095 | D        | Killed a harpy
  1100 | D        | Killed a cacodemon
  1104 | D        | Killed Wurus the pandemonium lord
  1104 | D        | Killed a harpy
  1107 | D        | Killed a red devil
  1107 | D        | Reached skill level 15 in Fighting
  1381 | D        | Entered arena 12.
  1381 | D        | Noticed a six-headed hydra
  1381 | D        | Noticed a green draconian
  1381 | D        | Noticed a green draconian
  1381 | D        | Noticed a purple draconian
  1381 | D        | Noticed a pale draconian
  1381 | D        | Noticed a white draconian
  1381 | D        | Noticed an Orb Guardian
  1381 | D        | Noticed a grey draconian
  1381 | D        | Noticed a purple draconian
  1383 | D        | Noticed a purple draconian
  1383 | D        | Noticed a green draconian
  1384 | D        | Noticed an electric golem
  1386 | D        | Killed an Orb Guardian
  1391 | D        | Killed a six-headed hydra
  1392 | D        | Killed a pale draconian
  1394 | D        | Killed a purple draconian
  1394 | D        | Reached XP level 13. HP: 52/128 MP: 5/32
  1395 | D        | Killed a grey draconian
  1398 | D        | Killed a purple draconian
  1404 | D        | Killed a purple draconian
  1406 | D        | Killed a white draconian
  1406 | D        | Reached skill level 15 in Armour
  1411 | D        | Killed a green draconian
  1417 | D        | Killed a green draconian
  1420 | D        | Killed a green draconian
  1435 | D        | Killed an electric golem
  1811 | D        | Entered arena 13.
  1811 | D        | Noticed an emperor scorpion
  1811 | D        | Noticed a red draconian
  1811 | D        | Noticed a purple draconian
  1811 | D        | Noticed a yellow draconian
  1812 | D        | Noticed a black draconian
  1812 | D        | Noticed a moth of wrath
  1812 | D        | Noticed a green draconian
  1813 | D        | Noticed an Orb Guardian
  1813 | D        | Noticed a green draconian
  1814 | D        | Noticed a moth of wrath
  1814 | D        | Noticed a yellow draconian
  1815 | D        | Noticed a yellow draconian
  1819 | D        | Noticed a red draconian
  1820 | D        | Killed a green draconian
  1829 | D        | Killed a black draconian
  1830 | D        | Killed a yellow draconian
  1830 | D        | Killed a green draconian
  1835 | D        | Killed a purple draconian
  1845 | D        | Killed a yellow draconian
  1845 | D        | Killed an Orb Guardian
  1845 | D        | Reached skill level 5 in Dodging
  1845 | D        | Killed a moth of wrath
  1847 | D        | Killed a moth of wrath
  1851 | D        | Killed an emperor scorpion
  1851 | D        | Reached XP level 14. HP: 53/143 MP: 0/35
  1853 | D        | Killed a red draconian
  1856 | D        | Killed a yellow draconian
  1861 | D        | Killed a red draconian
  1929 | D        | Killed Donald
  2186 | D        | Entered arena 14.
  2186 | D        | Noticed a spider
  2186 | D        | Noticed a wasp
  2187 | D        | Noticed a jumping spider
  2188 | D        | Noticed a wolf spider
  2188 | D        | Noticed a wasp
  2189 | D        | Noticed a demonic crawler
  2192 | D        | Killed a jumping spider
  2193 | D        | Killed a spider
  2195 | D        | Killed a wolf spider
  2195 | D        | Killed a wasp
  2195 | D        | Killed a wasp
  2197 | D        | Noticed a spider
  2197 | D        | Noticed a jumping spider
  2197 | D        | Noticed a wasp
  2198 | D        | Noticed a wolf spider
  2203 | D        | Killed a demonic crawler
  2204 | D        | Killed a wasp
  2205 | D        | Killed a spider
  2207 | D        | Killed a wolf spider
  2210 | D        | Killed a jumping spider
  2212 | D        | Noticed a wasp
  2217 | D        | Killed a wasp
  2221 | D        | Noticed a trapdoor spider
  2223 | D        | Killed a trapdoor spider
  2292 | D        | Entered arena 15.
  2292 | D        | Noticed Saint Roka
  2292 | D        | Noticed Gastronok
  2292 | D        | Noticed Pikel
  2293 | D        | Noticed Louise
  2293 | D        | Noticed Nikola
  2293 | D        | Noticed Frances
  2294 | D        | Noticed Josephine
  2294 | D        | Noticed Harold
  2302 | D        | Killed Pikel
  2308 | D        | Killed Frances
  2310 | D        | Noticed Maud
  2311 | D        | Noticed Nergalle
  2316 | D        | Killed Saint Roka
  2317 | D        | Killed Gastronok
  2318 | D        | Killed Louise
  2322 | D        | Noticed Urug
  2323 | D        | Killed Maud
  2330 | D        | Killed Nergalle
  2331 | D        | Killed Urug
  2335 | D        | Killed Josephine
  2345 | D        | Killed Harold
  2350 | D        | Killed Nikola
  2386 | D        | Gained mutation: Your body is slowly deteriorating. [potion of mutation]
  2386 | D        | Gained mutation: Your magical capacity is low (-10% MP). [potion of mutation]
  2386 | D        | Gained mutation: Your system is resistant to poisons. [potion of mutation]
  2422 | D        | Got the ring "Baic" {Ice -Tele +Fly rN+ MP+9 Str+2}
  2580 | D        | Entered arena 16.
  2582 | D        | Noticed a shining eye
  2582 | D        | Noticed a slime creature
  2582 | D        | Noticed a shining eye
  2582 | D        | Gained mutation: You are partially covered in thin metallic scales (AC +2). [a shining eye]
  2595 | D        | Killed a slime creature
  2598 | D        | Killed a shining eye
  2601 | D        | Killed a shining eye
  2603 | D        | Noticed a slime creature
  2603 | D        | Noticed a death ooze
  2603 | D        | Noticed a shining eye
  2603 | D        | Noticed a slime creature
  2603 | D        | Noticed a slime creature
  2609 | D        | Killed a death ooze
  2616 | D        | Killed a very large slime creature
  2617 | D        | Killed a shining eye
  2619 | D        | Noticed a jelly
  2619 | D        | Noticed a slime creature
  2619 | D        | Noticed an azure jelly
  2624 | D        | Noticed a slime creature
  2624 | D        | Noticed a jelly
  2624 | D        | Killed a jelly
  2625 | D        | Killed an azure jelly
  2626 | D        | Killed a slime creature
  2627 | D        | Noticed a jelly
  2629 | D        | Killed a slime creature
  2629 | D        | Killed a jelly
  2630 | D        | Killed a jelly
  2645 | D        | Entered arena 17.
  2671 | D        | Noticed a fire drake
  2671 | D        | Noticed a swamp dragon
  2671 | D        | Noticed a mottled dragon
  2671 | D        | Noticed a steam dragon
  2671 | D        | Noticed a six-headed hydra
  2672 | D        | Noticed a five-headed hydra
  2672 | D        | Noticed a wyvern
  2672 | D        | Noticed a fire dragon
  2675 | D        | Noticed an ice dragon
  2681 | D        | Killed an eight-headed hydra
  2683 | D        | Killed a steam dragon
  2686 | D        | Killed a swamp dragon
  2687 | D        | Noticed a mottled dragon
  2688 | D        | Killed a wyvern
  2689 | D        | Noticed a seven-headed hydra
  2689 | D        | Killed an ice dragon
  2690 | D        | Killed a fire drake
  2692 | D        | Noticed a steam dragon
  2695 | D        | Noticed a death drake
  2695 | D        | Killed a mottled dragon
  2696 | D        | Killed a mottled dragon
  2697 | D        | Noticed a five-headed hydra
  2697 | D        | Noticed a fire drake
  2698 | D        | Noticed an ice dragon
  2700 | D        | Noticed a fire dragon
  2701 | D        | Killed a fire dragon
  2710 | D        | Killed a death drake
  2710 | D        | Reached XP level 15. HP: 111/155 MP: 23/33
  2710 | D        | Killed a 12-headed hydra
  2713 | D        | Killed an ice dragon
  2714 | D        | Killed a steam dragon
  2716 | D        | Killed an eight-headed hydra
  2716 | D        | Killed a fire dragon
  2716 | D        | Reached skill level 10 in Dodging
  2720 | D        | Killed a fire drake
  2723 | D        | Killed an eight-headed hydra
  2959 | D        | Learned a level 2 spell: Blink
  2961 | D        | Learned a level 1 spell: Apportation
  2964 | D        | Learned a level 2 spell: Song of Slaying
  2968 | D        | Learned a level 3 spell: Spectral Weapon
  2972 | D        | Identified Kiclis' Handbook of Supportive Execration (You found it in the Dungeon)
  2977 | D        | Entered arena 18.
  2977 | D        | Noticed a wolf
  2982 | D        | Killed a wolf
  2984 | D        | Noticed a porcupine
  2984 | D        | Noticed a water moccasin
  2984 | D        | Noticed a giant frog
  2985 | D        | Noticed a crocodile
  2985 | D        | Noticed an eight-headed hydra
  2985 | D        | Noticed a crocodile
  2985 | D        | Noticed a porcupine
  2986 | D        | Noticed a water moccasin
  2986 | D        | Noticed a crocodile
  2986 | D        | Noticed an eight-headed hydra
  2986 | D        | Noticed a griffon
  2986 | D        | Noticed an eight-headed hydra
  2986 | D        | Noticed a death yak
  2987 | D        | Noticed a water moccasin
  2988 | D        | Killed a giant frog
  2988 | D        | Killed a water moccasin
  2989 | D        | Killed a porcupine
  2989 | D        | Killed a crocodile
  2990 | D        | Killed a crocodile
  2990 | D        | Killed Aizul
  2991 | D        | Killed a water moccasin
  2991 | D        | Killed a porcupine
  2992 | D        | Killed a 11-headed hydra
  2995 | D        | Killed a crocodile
  2995 | D        | Killed a death yak
  2996 | D        | Killed a ten-headed hydra
  2997 | D        | Killed a griffon
  2997 | D        | Killed a water moccasin
  2999 | D        | Killed a 12-headed hydra
  3016 | D        | Got the ring of Brotruigg {-Cast rN+ MP+9 Stlth-}
  3044 | D        | Learned a level 3 spell: Recall
  3066 | D        | Entered arena 19.
  3074 | D        | Noticed a water moccasin
  3074 | D        | Noticed a naga warrior
  3075 | D        | Noticed a water moccasin
  3075 | D        | Noticed a black mamba
  3075 | D        | Noticed a black mamba
  3075 | D        | Noticed a black mamba
  3083 | D        | Killed a black mamba
  3084 | D        | Noticed a black mamba
  3088 | D        | Killed a black mamba
  3088 | D        | Killed a black mamba
  3089 | D        | Killed a black mamba
  3090 | D        | Killed a water moccasin
  3091 | D        | Noticed a naga warrior
  3095 | D        | Killed a naga warrior
  3095 | D        | Reached skill level 27 in Invocations
  3101 | D        | Noticed a naga
  3104 | D        | Killed a naga warrior
  3107 | D        | Noticed a naga warrior
  3107 | D        | Noticed a naga
  3108 | D        | Killed a water moccasin
  3109 | D        | Noticed a black mamba
  3109 | D        | Noticed a naga
  3109 | D        | Noticed a greater naga
  3110 | D        | Noticed a water moccasin
  3110 | D        | Killed a naga
  3111 | D        | Noticed a naga warrior
  3112 | D        | Noticed a guardian serpent
  3115 | D        | Killed a black mamba
  3115 | D        | Killed a naga
  3115 | D        | Reached skill level 5 in Evocations
  3117 | D        | Killed a water moccasin
  3120 | D        | Killed a guardian serpent
  3121 | D        | Killed a greater naga
  3123 | D        | Killed a naga
  3124 | D        | Killed a naga warrior
  3125 | D        | Killed a naga warrior
  3130 | D        | Noticed a naga
  3138 | D        | Killed a naga
  3152 | D        | Killed the 27-headed Lernaean hydra
  3154 | D        | Gained mutation: You are agile. (Dex +2) [mutagenic meat]
  3155 | D        | Gained mutation: You evolve. [mutagenic meat]
  3160 | D        | Got the amulet "Claacken" {rCorr Dex+4}
  3200 | D        | Identified Keuful's Handbook of Burning Attacks (You found it in the Dungeon)
  3226 | D        | Entered arena 20.
  3226 | D        | Noticed a vampire knight
  3234 | D        | Noticed a vampire mage
  3235 | D        | Killed a vampire knight
  3235 | D        | Reached skill level 10 in Evocations
  3238 | D        | Noticed a wight
  3238 | D        | Noticed a ghoul
  3240 | D        | Killed a vampire mage
  3241 | D        | Noticed a vampire knight
  3241 | D        | Noticed a lich
  3242 | D        | Noticed a shadow
  3242 | D        | Noticed a skeletal warrior
  3242 | D        | Noticed a lich
  3242 | D        | Noticed a necrophage
  3242 | D        | Noticed a wight
  3242 | D        | Noticed a ghoul
  3243 | D        | Noticed a necrophage
  3243 | D        | Noticed a vampire
  3243 | D        | Noticed a shadow
  3248 | D        | Killed a ghoul
  3248 | D        | Killed a necrophage
  3248 | D        | Killed a wight
  3250 | D        | Noticed a ghoul
  3252 | D        | Killed a wight
  3252 | D        | Paralysed by a vampire knight for 6 turns
  3252 | D        | Killed a lich
  3254 | D        | Noticed a shadow
  3257 | D        | Killed a ghoul
  3258 | D        | Killed a shadow
  3261 | D        | Killed a shadow
  3261 | D        | Killed a shadow
  3263 | D        | Killed a necrophage
  3263 | D        | Killed a ghoul
  3263 | D        | Killed a lich
  3263 | D        | Reached skill level 15 in Evocations
  3264 | D        | Killed a vampire knight
  3264 | D        | Killed a vampire
  3264 | D        | Killed a skeletal warrior
  3311 | D        | Killed Agnes
  3331 | D        | Entered arena 21.
  3338 | D        | Noticed an iron dragon
  3339 | D        | Noticed a stone giant
  3339 | D        | Noticed an earth elemental
  3339 | D        | Noticed a stone giant
  3340 | D        | Noticed a crystal guardian
  3340 | D        | Noticed an iron golem
  3342 | D        | Noticed an iron golem
  3344 | D        | Noticed a crystal guardian
  3344 | D        | Noticed a stone giant
  3344 | D        | Noticed a stone giant
  3344 | D        | Noticed a quicksilver dragon
  3345 | D        | Noticed an earth elemental
  3345 | D        | Noticed an earth elemental
  3346 | D        | Noticed an earth elemental
  3347 | D        | Noticed an earth elemental
  3347 | D        | Noticed an earth elemental
  3347 | D        | Noticed an iron dragon
  3347 | D        | Noticed a stone giant
  3349 | D        | Noticed an earth elemental
  3351 | D        | Killed an earth elemental
  3352 | D        | Noticed an iron golem
  3352 | D        | Killed an iron golem
  3354 | D        | Killed a crystal guardian
  3355 | D        | Noticed an iron golem
  3359 | D        | Noticed an iron golem
  3359 | D        | Killed a quicksilver dragon
  3359 | D        | Killed a stone giant
  3360 | D        | Killed a crystal guardian
  3363 | D        | Killed an iron golem
  3363 | D        | Reached XP level 16. HP: 133/166 MP: 27/35
  3364 | D        | Killed a stone giant
  3366 | D        | Noticed a quicksilver dragon
  3368 | D        | Killed an earth elemental
  3368 | D        | Killed an earth elemental
  3374 | D        | Killed an earth elemental
  3376 | D        | Noticed an earth elemental
  3376 | D        | Killed an iron dragon
  3376 | D        | Killed a stone giant
  3379 | D        | Killed a stone giant
  3380 | D        | Killed an earth elemental
  3391 | D        | Killed a quicksilver dragon
  3392 | D        | Killed an iron dragon
  3395 | D        | Killed an iron golem
  3396 | D        | Killed an earth elemental
  3396 | D        | Killed an iron golem
  3399 | D        | Killed an earth elemental
  3400 | D        | Killed a stone giant
  3400 | D        | Killed an earth elemental
  3409 | D        | Killed an iron golem
  3616 | D        | Noticed an earth elemental
  3616 | D        | Noticed a crystal guardian
  3617 | D        | Noticed a crystal guardian
  3617 | D        | Noticed a quicksilver dragon
  3617 | D        | Noticed an iron dragon
  3624 | D        | Killed a quicksilver dragon
  3624 | D        | Killed an earth elemental
  3626 | D        | Killed a crystal guardian
  3626 | D        | Killed an iron dragon
  3630 | D        | Killed a crystal guardian
  3876 | D        | Identified the Guide on the Displaced Oath (You found it in the Dungeon)
  3887 | D        | Identified Kameorgh's Reference Book on Fetching Calling (You found it in the Dungeon)
  3916 | D        | Got the +2 pair of boots of Surprise {Slay+5}
  3935 | D        | Entered arena 22.
  3946 | D        | Noticed a lich
  3946 | D        | Noticed a yaktaur
  3947 | D        | Noticed a vault guard
  3948 | D        | Noticed a vault guard
  3950 | D        | Noticed a vault guard
  3950 | D        | Noticed a lich
  3951 | D        | Noticed a yaktaur captain
  3951 | D        | Noticed a vault guard
  3951 | D        | Noticed a yaktaur
  3951 | D        | Noticed a lich
  3952 | D        | Noticed a vault guard
  3952 | D        | Noticed a vault guard
  3953 | D        | Noticed a stone giant
  3954 | D        | Noticed a vault guard
  3955 | D        | Noticed a yaktaur captain
  3955 | D        | Noticed a vault guard
  3955 | D        | Killed a vault guard
  3956 | D        | Noticed a stone giant
  3957 | D        | Noticed a vault guard
  3958 | D        | Noticed a vault guard
  3959 | D        | Killed a lich
  3960 | D        | Killed a yaktaur
  3963 | D        | Killed a lich
  3963 | D        | Killed a yaktaur
  3965 | D        | Killed a yaktaur captain
  3967 | D        | Killed a vault guard
  3970 | D        | Killed a lich
  3970 | D        | Killed a vault guard
  3971 | D        | Killed a stone giant
  3971 | D        | Killed a vault guard
  3974 | D        | Killed a stone giant
  3974 | D        | Killed a vault guard
  3978 | D        | Killed a vault guard
  3980 | D        | Killed a vault guard
  3983 | D        | Killed a vault guard
  3983 | D        | Killed a vault guard
  3984 | D        | Killed a yaktaur captain
  3988 | D        | Killed a vault guard
  3988 | D        | Reached skill level 15 in Dodging
  4154 | D        | Noticed a shadow dragon
  4154 | D        | Noticed a lich
  4154 | D        | Noticed a vault guard
  4155 | D        | Noticed a lich
  4155 | D        | Noticed a vault guard
  4155 | D        | Noticed a stone giant
  4155 | D        | Noticed a shadow dragon
  4155 | D        | Noticed a vault guard
  4155 | D        | Noticed a shadow dragon
  4156 | D        | Noticed a vault guard
  4156 | D        | Noticed a vault guard
  4157 | D        | Noticed a vault guard
  4157 | D        | Noticed a vault guard
  4158 | D        | Noticed a Hell Sentinel
  4158 | D        | Noticed a vault guard
  4164 | D        | Killed a vault guard
  4166 | D        | Killed a vault guard
  4167 | D        | Killed a vault guard
  4171 | D        | Killed a vault guard
  4175 | D        | Killed a Hell Sentinel
  4176 | D        | Killed a shadow dragon
  4176 | D        | Killed a vault guard
  4176 | D        | Reached XP level 17. HP: 182/184 MP: 26/35
  4177 | D        | Killed a vault guard
  4180 | D        | Killed a lich
  4181 | D        | Killed a shadow dragon
  4183 | D        | Killed a lich
  4184 | D        | Killed a vault guard
  4187 | D        | Killed a shadow dragon
  4189 | D        | Killed a stone giant
  4195 | D        | Killed a vault guard
  4239 | D        | Got the +2 helmet "Kusuzag" {+Fly rF+ Str-3}
  4259 | D        | Got a twisted shield
  4271 | D        | Entered arena 23.
  4281 | D        | Noticed a stone giant
  4282 | D        | Noticed an orc sorcerer
  4282 | D        | Noticed a moth of wrath
  4282 | D        | Noticed an orc warlord
  4282 | D        | Noticed an ogre
  4282 | D        | Noticed an orc warrior
  4282 | D        | Noticed an orc warlord
  4283 | D        | Noticed an orc high priest
  4284 | D        | Noticed a stone giant
  4285 | D        | Noticed a troll
  4286 | D        | Noticed an orc warrior
  4286 | D        | Noticed a stone giant
  4286 | D        | Noticed an orc sorcerer
  4286 | D        | Noticed an orc wizard
  4288 | D        | Killed an ogre
  4289 | D        | Noticed an orc warlord
  4289 | D        | Killed a moth of wrath
  4290 | D        | Noticed an orc high priest
  4290 | D        | Noticed a moth of wrath
  4290 | D        | Killed an orc warlord
  4291 | D        | Killed a troll
  4291 | D        | Killed an orc sorcerer
  4293 | D        | Killed an orc warlord
  4293 | D        | Killed a stone giant
  4294 | D        | Noticed a warg
  4294 | D        | Killed a stone giant
  4298 | D        | Killed an orc sorcerer
  4301 | D        | Killed an orc high priest
  4303 | D        | Killed an orc warrior
  4303 | D        | Killed an orc wizard
  4304 | D        | Killed a warg
  4305 | D        | Killed a moth of wrath
  4306 | D        | Killed an orc warlord
  4309 | D        | Killed an orc high priest
  4309 | D        | Killed an orc warrior
  4313 | D        | Killed a stone giant
  4340 | D        | Noticed an orc warlord
  4341 | D        | Noticed a stone giant
  4341 | D        | Noticed an ogre
  4341 | D        | Noticed an ogre
  4345 | D        | Killed an ogre
  4346 | D        | Killed an orc warlord
  4348 | D        | Killed an ogre
  4355 | D        | Killed a stone giant
  4404 | D        | Entered arena 24.
  4425 | D        | Noticed a hell hog
  4425 | D        | Noticed a tormentor
  4425 | D        | Noticed a phantom
  4426 | D        | Noticed a tormentor
  4426 | D        | Noticed a balrug
  4426 | D        | Noticed a hell hog
  4427 | D        | Noticed a hellion
  4427 | D        | Noticed a vampire
  4427 | D        | Noticed a reaper
  4427 | D        | Noticed a wraith
  4427 | D        | Noticed a vampire
  4427 | D        | Identified a +3 rod of shadows (9/14)
  4429 | D        | Noticed a wraith
  4430 | D        | Noticed a flayed ghost
  4430 | D        | Killed a hell hog
  4431 | D        | Noticed a vampire
  4431 | D        | Killed a hellion
  4437 | D        | Killed a hell hog
  4438 | D        | Killed a wraith
  4440 | D        | Killed a balrug
  4441 | D        | Killed a tormentor
  4441 | D        | Killed a wraith
  4442 | D        | Killed a reaper
  4442 | D        | Reached skill level 27 in Fighting
  4443 | D        | Killed a vampire
  4444 | D        | Killed a tormentor
  4444 | D        | Killed a vampire
  4446 | D        | Killed a flayed ghost
  4446 | D        | Killed a vampire
  4447 | D        | Noticed a wight
  4450 | D        | Killed a phantom
  4452 | D        | Noticed a wight
  4453 | D        | Noticed a hell hog
  4453 | D        | Noticed a reaper
  4454 | D        | Killed a wight
  4455 | D        | Noticed a hellion
  4455 | D        | Noticed a wraith
  4455 | D        | Noticed a hellion
  4455 | D        | Noticed a flying skull
  4456 | D        | Noticed a wraith
  4460 | D        | Killed a reaper
  4461 | D        | Killed a hell hog
  4462 | D        | Killed a hellion
  4462 | D        | Killed a wraith
  4462 | D        | Killed a flying skull
  4464 | D        | Killed a wraith
  4464 | D        | Killed a hellion
  4467 | D        | Killed a wight
  4525 | D        | Entered arena 25.
  4537 | D        | Noticed a deep elf master archer
  4538 | D        | Noticed a deep elf mage
  4538 | D        | Noticed a deep elf annihilator
  4538 | D        | Noticed a deep elf high priest
  4538 | D        | Noticed a deep elf sorcerer
  4540 | D        | Noticed a deep elf conjurer
  4540 | D        | Noticed a deep elf blademaster
  4541 | D        | Noticed a deep elf high priest
  4541 | D        | Noticed a deep elf blademaster
  4541 | D        | Noticed a deep elf knight
  4542 | D        | Noticed a deep elf sorcerer
  4542 | D        | Noticed a deep elf knight
  4542 | D        | Noticed a deep elf master archer
  4543 | D        | Noticed a deep elf conjurer
  4543 | D        | Noticed a deep elf knight
  4544 | D        | Noticed a deep elf master archer
  4544 | D        | Noticed a deep elf summoner
  4544 | D        | Noticed a deep elf annihilator
  4544 | D        | Noticed a deep elf master archer
  4545 | D        | Noticed a deep elf high priest
  4546 | D        | Noticed a deep elf fighter
  4546 | D        | Noticed a deep elf knight
  4547 | D        | Noticed a deep elf fighter
  4548 | D        | Noticed a deep elf summoner
  4549 | D        | Killed a deep elf sorcerer
  4550 | D        | Killed a deep elf blademaster
  4550 | D        | Killed a deep elf blademaster
  4552 | D        | Killed a deep elf high priest
  4552 | D        | Killed a deep elf knight
  4554 | D        | Killed a deep elf master archer
  4554 | D        | Killed a deep elf sorcerer
  4554 | D        | Killed a deep elf high priest
  4554 | D        | Killed a deep elf master archer
  4555 | D        | Killed a deep elf knight
  4557 | D        | Killed a deep elf knight
  4560 | D        | Killed a deep elf master archer
  4560 | D        | Killed a deep elf conjurer
  4562 | D        | Killed a deep elf master archer
  4562 | D        | Killed a deep elf summoner
  4564 | D        | Killed a deep elf conjurer
  4565 | D        | Killed a deep elf annihilator
  4565 | D        | Reached XP level 18. HP: 141/199 MP: 21/36
  4568 | D        | Killed a deep elf fighter
  4568 | D        | Killed a deep elf knight
  4570 | D        | Killed a deep elf mage
  4571 | D        | Killed a deep elf annihilator
  4571 | D        | Killed a deep elf high priest
  4571 | D        | Killed a deep elf fighter
  4574 | D        | Killed a deep elf summoner
  4579 | D        | Noticed a deep elf conjurer
  4579 | D        | Noticed a deep elf summoner
  4579 | D        | Noticed a deep elf high priest
  4580 | D        | Noticed a deep elf blademaster
  4580 | D        | Noticed a deep elf blademaster
  4580 | D        | Noticed a deep elf master archer
  4580 | D        | Noticed a deep elf sorcerer
  4580 | D        | Noticed a deep elf blademaster
  4580 | D        | Noticed a deep elf conjurer
  4581 | D        | Noticed a deep elf summoner
  4581 | D        | Noticed a deep elf mage
  4581 | D        | Noticed a golden eye
  4581 | D        | Noticed a deep elf annihilator
  4581 | D        | Noticed a deep elf master archer
  4584 | D        | Noticed a deep elf master archer
  4584 | D        | Noticed a deep elf summoner
  4584 | D        | Killed a deep elf blademaster
  4584 | D        | Reached skill level 27 in Armour
  4584 | D        | Killed a deep elf blademaster
  4587 | D        | Noticed a deep elf blademaster
  4587 | D        | Killed a deep elf blademaster
  4587 | D        | Killed a deep elf conjurer
  4589 | D        | Killed a deep elf conjurer
  4589 | D        | Killed a deep elf master archer
  4591 | D        | Noticed a deep elf sorcerer
  4592 | D        | Noticed a deep elf high priest
  4592 | D        | Killed a deep elf master archer
  4594 | D        | Noticed a deep elf annihilator
  4594 | D        | Killed a deep elf sorcerer
  4595 | D        | Killed a deep elf mage
  4595 | D        | Killed a deep elf master archer
  4596 | D        | Noticed a deep elf master archer
  4596 | D        | Killed a deep elf summoner
  4599 | D        | Killed a deep elf blademaster
  4603 | D        | Killed a deep elf annihilator
  4605 | D        | Killed a deep elf high priest
  4614 | D        | Killed a deep elf summoner
  4615 | D        | Noticed a deep elf sorcerer
  4622 | D        | Killed a deep elf high priest
  4623 | D        | Noticed a deep elf conjurer
  4624 | D        | Killed a deep elf sorcerer
  4625 | D        | Killed a deep elf sorcerer
  4629 | D        | Killed a deep elf master archer
  4633 | D        | Killed a deep elf conjurer
  4638 | D        | Killed a deep elf summoner
  4643 | D        | Killed a deep elf annihilator
  4778 | D        | Learned a level 5 spell: Phase Shift
  4797 | D        | Entered arena 26.
  4797 | D        | Noticed Ignacio
  4798 | D        | Noticed Frederick
  4800 | D        | Noticed Gloorx Vloq
  4804 | D        | Noticed Xtahua
  4805 | D        | Noticed the iron giant
  4807 | D        | Killed Frederick
  4808 | D        | Killed Ignacio
  4810 | D        | Noticed Asmodeus
  4822 | D        | Noticed Murray
  4823 | D        | Noticed Norris
  4823 | D        | Killed the iron giant
  4823 | D        | Killed Xtahua
  4825 | D        | Noticed Boris
  4829 | D        | Killed Gloorx Vloq
  4831 | D        | Noticed Wiglaf
  4835 | D        | Noticed Ereshkigal
  4836 | D        | Was placed under penance by the Shining One
  4841 | D        | Noticed Azrael
  4845 | D        | Killed Wiglaf
  4847 | D        | Noticed Dissolution
  4847 | D        | Noticed Cerebov
  4851 | D        | Killed Norris
  4852 | D        | Killed Murray
  4856 | D        | Gained mutation: Your spells are a little easier to cast, but a little less powerful. [a cacodemon]
  4859 | D        | Paralysed by a giant eyeball for 4 turns
  4863 | D        | HP: 8/199 [Ereshkigal/+0 bardiche of chopping (3)]
  4863 | D        | HP: 3/199 [acid (4)]
  4864 | D        | Noticed an Ice Fiend
  4864 | D        | Killed Azrael
  4866 | D        | Paralysed by a giant eyeball for 3 turns
  4867 | D        | Slain by an Ice Fiend

Action                   |  1- 3 |  4- 6 |  7- 9 | 10-12 | 13-15 | 16-18 || total
-------------------------+-------+-------+-------+-------+-------+-------++-------
Melee: Broad axe         |    13 |    11 |     5 |       |       |       ||    29
       Executioner's axe |       |       |    38 |    52 |   235 |   300 ||   625
Invok: Divine Shield     |       |       |       |     2 |     6 |     7 ||    15
       Cleansing Flame   |       |       |       |     1 |       |       ||     1
       Summon Divine War |       |       |       |     2 |    10 |     9 ||    21
Evoke: Wand              |       |       |     3 |       |    11 |    18 ||    32
       Fan of gales      |       |       |       |       |       |     3 ||     3
       Lamp of fire      |       |       |       |       |       |     1 ||     1
       Phial of floods   |       |       |       |       |       |     1 ||     1
  Use: Scroll            |     1 |       |     1 |       |     4 |     9 ||    15
       Potion            |     1 |     1 |     3 |    10 |     7 |    12 ||    34
  Eat: Meat ration       |       |       |       |     1 |     2 |     2 ||     5
       Chunk             |       |       |       |       |     2 |     1 ||     3
